 Dungeon Crawl Stone Soup version 0.29-a0-384-g6960b1960d (webtiles) character file.

Game seed: 3128382001611976711

2394 spaghetti the Destroyer (level 9, -15/71 HPs)
             Began as a Gnoll Wanderer on May 6, 2022.
             Hit by a large rock thrown by a cyclops (28 damage)
             ... on level 6 of the Dungeon.
             The game lasted 00:14:35 (7128 turns).

spaghetti the Destroyer (Gnoll Wanderer)            Turns: 7128, Time: 00:14:36

Health: -15/71     AC:  5    Str:  5 (7)  XL:     9   Next: 46%
Magic:  5/16       EV: 12    Int: 20 (21) God:
Gold:   318        SH:  5    Dex:  8 (11) Spells: 9/18 levels left

rFire   + . .      SeeInvis .   n - staff of fire {!astaff}
rCold   . . .      Faith    .   b - +0 buckler
rNeg    . . .      Spirit   .   w - +1 robe {Will+}
rPois   .          Reflect  .   y - +0 helmet
rElec   .          Harm     .   s - +0 cloak
rCorr   .          Rampage  .   (no gloves)
Will    +....                   (no boots)
Stlth   ++........              (no amulet)
HPRegen 0.21/turn               i - ring of wizardry
MPRegen 0.15/turn               (no ring)

@: about to teleport
A: fangs 1, strong nose, distributed training, robust 1, wild magic 1
a: no special abilities


You were on level 6 of the Dungeon.
You visited 1 branch of the dungeon, and saw 6 of its levels.

You collected 318 gold pieces.


Innate Abilities, Weirdness & Mutations

You have very sharp teeth.
Your uncanny sense of smell can sniff out nearby items.
Your experience applies equally to all skills.
You are robust. (+10% HP)
Your spells are a little harder to cast, but a little more powerful.


   Skills:
 + Level 4.2 Fighting
 + Level 4.2 Short Blades
 + Level 4.2 Long Blades
 + Level 4.2 Axes
 + Level 4.2 Maces & Flails
 + Level 4.2 Polearms
 + Level 4.2 Staves
 + Level 4.2 Slings
 + Level 4.2 Bows
 + Level 4.2 Crossbows
 + Level 5.0 Throwing
 + Level 5.0 Armour
 + Level 4.2 Dodging
 + Level 4.2 Stealth
 + Level 6.3 Shields
 + Level 4.2 Unarmed Combat
 + Level 5.2 Spellcasting
 + Level 8.0 Conjurations
 + Level 3.5 Hexes
 + Level 3.5 Summonings
 + Level 3.5 Necromancy
 + Level 3.5 Translocations
 + Level 3.5 Transmutations
 + Level 3.5 Fire Magic
 + Level 3.5 Ice Magic
 + Level 3.5 Air Magic
 + Level 3.5 Earth Magic
 + Level 3.5 Poison Magic
 + Level 4.7 Invocations
 + Level 5.0 Evocations


You had 9 spell levels left.
You knew the following spells:

 Your Spells              Type           Power      Damage    Failure   Level
a - Magic Dart            Conj           100%       1d8       1%          1
b - Flame Wave            Conj/Fire      53%        2d11      8%          4
c - Summon Lightning Spi  Summ/Air       25%        N/A       19%         4

Your spell library contained the following spells:

 Spells                   Type           Power      Damage    Failure   Level
 Foxfire                  Conj/Fire      100%       2x1d9     1%          1
 Slow                     Hex            100%       N/A       2%          1
 Corpse Rot               Necr/Air       50%        N/A       3%          2
 Poisonous Vapours        Pois/Air       50%        N/A       3%          2
 Confusing Touch          Hex            25%        N/A       6%          3
 Vampiric Draining        Necr           25%        2d7       6%          3
 Dispel Undead            Necr           25%        3d12      19%         4
 Conjure Ball Lightning   Conj/Air       18%        3x3d6     65%         6
 Death Channel            Necr           12%        N/A       91%         6
 Storm Form               Tmut/Air       12%        N/A       100%        7
 Discord                  Hex            12%        N/A       100%        8
 Disjunction              Tloc           12%        N/A       100%        8
 Maxwell's Capacitive Co  Air            12%        ∞         100%        8

Inventory:

Hand Weapons
 a - a +0 dagger {short}
 d - a +2 war axe of flaming {axe}
   (You took it off an orc on level 4 of the Dungeon)
 j - a +1 hand axe of electrocution {axe}
   (You took it off an orc priest on level 4 of the Dungeon)
 l - a +2 dagger of venom {short}
   (You took it off a goblin on level 1 of the Dungeon)
 x - a +1 whip of electrocution {mace}
   (You took it off a gnoll on level 3 of the Dungeon)
 C - a +3 short sword {short}
   (You took it off a kobold on level 4 of the Dungeon)
Missiles
 f - 8 poisoned darts {throwing}
 h - 147 stones {throwing}
Armour
 b - a +0 buckler (worn)
 s - a +0 cloak (worn)
   (You found it on level 2 of the Dungeon)
 w - a +1 robe of willpower (worn)
   (You found it on level 3 of the Dungeon)
 y - a +0 helmet (worn)
   (You found it on level 3 of the Dungeon)
Magical Staves
 m - a staff of earth {!astaff}
   (You found it on level 4 of the Dungeon)
 n - a staff of fire (weapon) {!astaff}
   (You found it on level 2 of the Dungeon)
 E - a staff of fire {!astaff}
   (You found it on level 6 of the Dungeon)
Jewellery
 i - a ring of wizardry (left hand)
   (You found it on level 4 of the Dungeon)
 F - a ring of resist corrosion
   (You found it on level 6 of the Dungeon)
Wands
 k - a wand of flame (25)
   (You found it on level 5 of the Dungeon)
 u - a wand of paralysis (5)
   (You found it on level 2 of the Dungeon)
Scrolls
 e - a scroll of vulnerability {!r!r}
 o - a scroll of brand weapon
 p - 5 scrolls of identify {@r1}
 q - a scroll of enchant weapon
 r - 4 scrolls of teleportation {@r4}
 t - a scroll of fog {unknown}
 D - 2 scrolls of poison {unknown}
Potions
 c - a potion of haste {@q3}
 v - 2 potions of resistance

Dungeon Overview and Level Annotations

Branches:
Dungeon (6/15)
 Temple: D:4-7

Altars:
Dithmenos
Beogh

Shops:
D:1 *

Annotations:
D:4 2 runed translucent doors
D:6 Dowan, Duvessa

###.###[####........#
........# #.########
####.#..# #.# ..##....#
#.# #.###...# #.#
..###...# #.#
........####+#############
...###.>.................#
...# #..........@........#
...###...................#
............#.....#......#
#######...e.##...##......#
#.........###C###......#
#......###.##g##.###...#
#.......###.#g#.###....#
#........####e####.....#
#..........e.8sg...#.###


You could see a cyclops, Duvessa, Dowan and 2 gnolls.


Message History

(Press . to intensify the flame waves.)
The centaur shoots an arrow.
You block the arrow. 😕 MP[-4]
You lost 4 mp, and now have 5/16 mp. 😕 HP[+1]
The centaur shoots an arrow.
The arrow hits you.
The centaur shoots an arrow.
The arrow hits you! 😮 HP[-11]
You take 11 damage, and now have 47/65 hp.
It was a potion of resistance.
You feel protected. 😮 MP[+1]
Okay, then.
The centaur unwields a +0 shortbow.
You block the centaur's attack. The centaur barely misses you.
The centaur hits you.
The centaur kicks you but does no damage. 😮 HP[-1]
You take 1 damage, and now have 46/65 hp.
Casting: Flame Wave (dangerous; 4% risk of failure)
Confirm with . or Enter, or press ? or * to list all spells.
Casting: Flame Wave (dangerous; 4% risk of failure)
Press: ? - help, Dir - look around, f - activate You feel a surge of power!
You miscast Flame Wave.
You are very lightly contaminated with residual magic.
Nothing appears to happen.
The centaur completely misses you.
The centaur closely misses you. 😮 MP[-4]
You lost 4 mp, and now have 2/16 mp.
It was a potion of degeneration.
There was something very wrong with that liquid.
You feel weakened.
You feel dopey.
You feel clumsy.
The centaur hits you but does no damage.
The centaur misses you.
A scorpion comes into view.
The centaur hits you. The centaur barely misses you. 😮 HP[-3]
You take 3 damage, and now have 43/65 hp.
It was a potion of cancellation.
Your magical effects are unravelling.
You feel magically purged.
Your magical contamination has completely faded away.
Your resistance to elements expires.
The sentinel's mark upon you fades away.
The centaur misses you. The centaur kicks you. 😮 HP[-2]
You take 2 damage, and now have 41/65 hp.
It was a potion of mutation.
You feel extremely strange.
You feel robust.
You feel less in control of your magic. You block the centaur's attack.
The centaur kicks you. The centaur misses you.
You block the centaur's attack. 😮 HP[-2]
You now have 71 max hp (+6).
The centaur attacks as you move away! The centaur hits you.
The centaur kicks you but does no damage. 😮 HP[-1]
You take 1 damage, and now have 38/71 hp.
The centaur wields a +0 shortbow.
The centaur shoots an arrow.
You block the arrow.
The centaur shoots an arrow.
You block the arrow. 😮 MP[+1]
The centaur shoots an arrow.
The arrow closely misses you.
Okay, then.
The centaur shoots an arrow.
The arrow hits you.
* * * LOW HITPOINT WARNING * * *
😨 HP[-3]
You take 3 damage, and now have 35/71 hp.
Casting: Flame Wave (dangerous; 8% risk of failure)
Confirm with . or Enter, or press ? or * to list all spells.
You don't have enough magic to cast this spell.
You feel better. 😮 HP[+10]
You regained 10 hp, and now have 45/71 hp.
Aiming: Paralyse
Press: ? - help, Shift-Dir - straight line, f - gnoll
Aim: a gnoll, wielding a +0 quarterstaff (chance to affect: 70%)
The gnoll suddenly stops moving! 😮 HP[+1] 😮 MP[+1] 😮 HP[+1] Duvessa, Sister of Dowan comes into view.
She is wielding a +0 short sword.
Dowan, Brother of Duvessa comes into view.
He is wielding a +0 dagger and wearing a +2 robe of the Archmagi.
The cyclops throws a large rock.
The large rock hits you!!
* * * LOW HITPOINT WARNING * * *
😱 HP[-35] MP[+1]
You take 35 damage, and now have 12/71 hp.
MASSIVE DAMAGE!! (PAUSE)
As you read the scroll labelled BAHUNY JOOSA, it crumbles to dust.
It is a scroll of brand weapon.
Your +2 war axe of electrocution {axe} is engulfed in flames!
d - a +2 war axe of flaming {axe} 😱 HP[+1]
As you read the scroll labelled VOSUOS SOPUCSIRR, it crumbles to dust.
It is a scroll of identify.
q - a scroll of enchant weapon
As you read the scroll labelled ILUPHY DEUHU, it crumbles to dust.
You feel strangely unstable.
It was a scroll of teleportation.
Dowan shouts!
The cyclops throws a large rock.
The large rock hits you!!
You die...

Skill      XL: |  1  2  3  4  5  6  7  8  9 |
---------------+----------------------------+-----
Invocations    | 1 2 3 4 |  4.7
Fighting       | 1 2 3 4 |  4.2
Short Blades   | 1 2 3 4 |  4.2
Long Blades    | 1 2 3 4 |  4.2
Axes           | 1 2 3 4 |  4.2
Maces & Flails | 1 2 3 4 |  4.2
Polearms       | 1 2 3 4 |  4.2
Staves         | 1 2 3 4 |  4.2
Slings         | 1 2 3 4 |  4.2
Bows           | 1 2 3 4 |  4.2
Crossbows      | 1 2 3 4 |  4.2
Dodging        | 1 2 3 4 |  4.2
Stealth        | 1 2 3 4 |  4.2
Unarmed Combat | 1 2 3 4 |  4.2
Spellcasting   | 3 4 5 |  5.2
Hexes          | 1 2 3 |  3.5
Summonings     | 1 2 3 |  3.5
Necromancy     | 1 2 3 |  3.5
Translocations | 1 2 3 |  3.5
Transmutations | 1 2 3 |  3.5
Fire Magic     | 1 2 3 |  3.5
Ice Magic      | 1 2 3 |  3.5
Air Magic      | 1 2 3 |  3.5
Earth Magic    | 1 2 3 |  3.5
Poison Magic   | 1 2 3 |  3.5
Throwing       | 3 4 5 |  5.0
Armour         | 3 4 5 |  5.0
Evocations     | 3 4 5 |  5.0
Shields        | 5 6 |  6.3
Conjurations   | 8 |  8.0

Action                   |  1- 3 |  4- 6 |  7- 9 || total
-------------------------+-------+-------+-------++-------
Melee: Dagger            |    41 |    27 |    41 ||   109
       Bite              |     3 |     5 |    10 ||    18
       Staff             |       |     2 |    18 ||    20
       War axe           |       |       |     4 ||     4
Throw: Dart              |     2 |       |       ||     2
 Cast: Magic Dart        |    51 |    46 |    91 ||   188
       Flame Wave        |       |     1 |    25 ||    26
Evoke: Wand              |       |     6 |     3 ||     9
  Use: Potion            |       |       |    10 ||    10
       Scroll            |       |       |     5 ||     5
 Stab: Sleeping          |     1 |       |       ||     1
       Paralysed         |       |     3 |     6 ||     9
Armor: Robe              |     9 |    12 |    19 ||    40
Dodge: Dodged            |    27 |    26 |    78 ||   131
Block: Buckler           |    10 |     7 |    29 ||    46

Levels and vault maps discovered:
D:1:      wander_arrival_fairy_ring, layout_basic, serial_shops, shop
D:2:      layout_basic, hellmonk_ecumenical_altar_defaced_shrine,
          hangedman_abyss_or_decor_stabs
D:3:      layout_loops_corners, amethyst_overflow_temple_binary,
          grunt_decor_junction, uniq_grinder
D:4:      layout_cave_pods, minmay_misc_feat_columns,
          minmay_hollow_rounded_squares, uniq_sigmund
D:5:      layout_rooms, cheibrodos_sewer_entry_sluice
D:6:      layout_basic, temple_statues, kb_rosetta, uniq_duvessa

Notes
Turn   | Place    | Note
-------+----------+-------------------------------------------
     0 | D:1      | spaghetti the Gnoll Wanderer began the quest for the Orb.
     0 | D:1      | spaghetti set off with the following items: a +0 dagger
                  | {short}, a +0 buckler, a potion of haste {@q3}, a +0 robe,
                  | a scroll of vulnerability {!r!r}; and the following spells
                  | available to memorise: Magic Dart, Foxfire, Flame Wave
     0 | D:1      | Reached XP level 1. HP: 13/13 MP: 4/4
     0 | D:1      | magus.rc [v1.9.6]
     2 | D:1      | Learned a level 1 spell: Magic Dart
   170 | D:1      | Reached XP level 2. HP: 19/19 MP: 2/5
   293 | D:1      | Found Elec's General Store.
   763 | D:1      | You pick up a book of Chaos and begin reading...
   763 | D:1      | You add the spells Conjure Ball Lightning, Disjunction and
                  | Discord to your library.
  1125 | D:2      | Reached XP level 3. HP: 25/25 MP: 1/7
  1323 | D:2      | You fall into a shaft and drop 1 floor!
  1551 | D:2      | Reached skill level 1 in Invocations
  1649 | D:2      | Found a faded altar of an unknown god.
  1920 | D:2      | Reached skill level 1 in Fighting
  1920 | D:2      | Reached skill level 1 in Short Blades
  1920 | D:2      | Reached skill level 1 in Long Blades
  1920 | D:2      | Reached skill level 1 in Axes
  1920 | D:2      | Reached skill level 1 in Maces & Flails
  1920 | D:2      | Reached skill level 1 in Polearms
  1920 | D:2      | Reached skill level 1 in Staves
  1920 | D:2      | Reached skill level 1 in Slings
  1920 | D:2      | Reached skill level 1 in Bows
  1920 | D:2      | Reached skill level 1 in Crossbows
  1920 | D:2      | Reached skill level 1 in Dodging
  1920 | D:2      | Reached skill level 1 in Stealth
  1920 | D:2      | Reached skill level 1 in Unarmed Combat
  2307 | D:3      | Reached XP level 4. HP: 32/32 MP: 8/8
  2668 | D:3      | Learned a level 4 spell: Flame Wave
  2687 | D:3      | Reached skill level 3 in Spellcasting
  2982 | D:3      | Noticed a necrophage
  2993 | D:3      | Killed a necrophage
  2994 | D:3      | Reached skill level 1 in Hexes
  2994 | D:3      | Reached skill level 1 in Summonings
  2994 | D:3      | Reached skill level 1 in Necromancy
  2994 | D:3      | Reached skill level 1 in Translocations
  2994 | D:3      | Reached skill level 1 in Transmutations
  2994 | D:3      | Reached skill level 1 in Fire Magic
  2994 | D:3      | Reached skill level 1 in Ice Magic
  2994 | D:3      | Reached skill level 1 in Air Magic
  2994 | D:3      | Reached skill level 1 in Earth Magic
  2994 | D:3      | Reached skill level 1 in Poison Magic
  2994 | D:3      | Reached XP level 5. HP: 25/37 MP: 0/9
  3136 | D:3      | Reached skill level 3 in Throwing
  3136 | D:3      | Reached skill level 3 in Armour
  3136 | D:3      | Reached skill level 3 in Evocations
  3370 | D:3      | Noticed Grinder
  3373 | D:3      | Paralysed by Grinder for 5 turns
  3392 | D:3      | Killed Grinder
  3393 | D:3      | Reached skill level 2 in Fighting
  3393 | D:3      | Reached skill level 2 in Short Blades
  3393 | D:3      | Reached skill level 2 in Long Blades
  3393 | D:3      | Reached skill level 2 in Axes
  3393 | D:3      | Reached skill level 2 in Maces & Flails
  3393 | D:3      | Reached skill level 2 in Polearms
  3393 | D:3      | Reached skill level 2 in Staves
  3393 | D:3      | Reached skill level 2 in Slings
  3393 | D:3      | Reached skill level 2 in Bows
  3393 | D:3      | Reached skill level 2 in Crossbows
  3393 | D:3      | Reached skill level 2 in Dodging
  3393 | D:3      | Reached skill level 2 in Stealth
  3393 | D:3      | Reached skill level 5 in Shields
  3393 | D:3      | Reached skill level 2 in Unarmed Combat
  3393 | D:3      | Reached skill level 2 in Invocations
  3393 | D:3      | Reached XP level 6. HP: 37/44 MP: 1/11
  3507 | D:3      | Noticed an ice beast
  3511 | D:3      | Killed an ice beast
  3512 | D:3      | Reached XP level 7. HP: 39/50 MP: 4/12
  3882 | D:3      | Found a shadowy altar of Dithmenos.
  4013 | D:4      | Found a large runed translucent door.
  4013 | D:4      | Found a large runed translucent door.
  4021 | D:4      | Found a large runed translucent door.
  4021 | D:4      | Found a large runed translucent door.
  4267 | D:4      | You pick up a book of Vapours and begin reading...
  4267 | D:4      | You add the spells Poisonous Vapours and Corpse Rot to your
                  | library.
  4399 | D:4      | Reached skill level 2 in Hexes
  4399 | D:4      | Reached skill level 2 in Summonings
  4399 | D:4      | Reached skill level 2 in Necromancy
  4399 | D:4      | Reached skill level 2 in Translocations
  4399 | D:4      | Reached skill level 2 in Transmutations
  4399 | D:4      | Reached skill level 2 in Fire Magic
  4399 | D:4      | Reached skill level 2 in Ice Magic
  4399 | D:4      | Reached skill level 2 in Air Magic
  4399 | D:4      | Reached skill level 2 in Earth Magic
  4399 | D:4      | Reached skill level 2 in Poison Magic
  4517 | D:4      | Noticed a yak
  4529 | D:4      | Killed a yak
  4530 | D:4      | Reached skill level 3 in Invocations
  4618 | D:4      | You pick up a book of the Sky and begin reading...
  4618 | D:4      | You add the spells Summon Lightning Spire, Storm Form and
                  | Maxwell's Capacitive Coupling to your library.
  4662 | D:4      | Reached skill level 4 in Spellcasting
  4734 | D:4      | Reached XP level 8. HP: 52/57 MP: 14/14
  4847 | D:4      | Noticed Sigmund
  4856 | D:4      | Killed Sigmund
  4857 | D:4      | Reached skill level 3 in Fighting
  4857 | D:4      | Reached skill level 3 in Short Blades
  4857 | D:4      | Reached skill level 3 in Long Blades
  4857 | D:4      | Reached skill level 3 in Axes
  4857 | D:4      | Reached skill level 3 in Maces & Flails
  4857 | D:4      | Reached skill level 3 in Polearms
  4857 | D:4      | Reached skill level 3 in Staves
  4857 | D:4      | Reached skill level 3 in Slings
  4857 | D:4      | Reached skill level 3 in Bows
  4857 | D:4      | Reached skill level 3 in Crossbows
  4857 | D:4      | Reached skill level 4 in Throwing
  4857 | D:4      | Reached skill level 4 in Armour
  4857 | D:4      | Reached skill level 3 in Dodging
  4857 | D:4      | Reached skill level 3 in Stealth
  4857 | D:4      | Reached skill level 3 in Unarmed Combat
  4857 | D:4      | Reached skill level 4 in Evocations
  5181 | D:4      | You pick up a book of Debilitation and begin reading...
  5181 | D:4      | You add the spells Slow, Vampiric Draining and Confusing
                  | Touch to your library.
  5544 | D:5      | Entered Level 5 of the Dungeon
  5860 | D:6      | Reached skill level 3 in Hexes
  5860 | D:6      | Reached skill level 3 in Summonings
  5860 | D:6      | Reached skill level 3 in Necromancy
  5860 | D:6      | Reached skill level 3 in Translocations
  5860 | D:6      | Reached skill level 3 in Transmutations
  5860 | D:6      | Reached skill level 3 in Fire Magic
  5860 | D:6      | Reached skill level 3 in Ice Magic
  5860 | D:6      | Reached skill level 3 in Air Magic
  5860 | D:6      | Reached skill level 3 in Earth Magic
  5860 | D:6      | Reached skill level 3 in Poison Magic
  5860 | D:6      | Reached skill level 4 in Invocations
  5861 | D:6      | Reached skill level 6 in Shields
  5861 | D:6      | Reached XP level 9. HP: 54/65 MP: 0/16
  5872 | D:6      | HP: 14/65 [iguana (12)]
  6430 | D:5      | Reached skill level 4 in Fighting
  6430 | D:5      | Reached skill level 4 in Short Blades
  6430 | D:5      | Reached skill level 4 in Long Blades
  6430 | D:5      | Reached skill level 4 in Axes
  6430 | D:5      | Reached skill level 4 in Maces & Flails
  6430 | D:5      | Reached skill level 4 in Polearms
  6430 | D:5      | Reached skill level 4 in Staves
  6430 | D:5      | Reached skill level 4 in Slings
  6430 | D:5      | Reached skill level 4 in Bows
  6430 | D:5      | Reached skill level 4 in Crossbows
  6430 | D:5      | Reached skill level 4 in Dodging
  6430 | D:5      | Reached skill level 4 in Stealth
  6430 | D:5      | Reached skill level 4 in Unarmed Combat
  6436 | D:5      | Reached skill level 5 in Spellcasting
  6553 | D:4      | You pick up a book of Decay and begin reading...
  6553 | D:4      | You add the spells Dispel Undead and Death Channel to your
                  | library.
  6643 | D:5      | Reached skill level 8 in Conjurations
  6671 | D:6      | Reached skill level 5 in Throwing
  6671 | D:6      | Reached skill level 5 in Armour
  6671 | D:6      | Reached skill level 5 in Evocations
  6885 | D:6      | Learned a level 4 spell: Summon Lightning Spire
  7094 | D:6      | Noticed a cyclops
  7110 | D:6      | Gained mutation: You are robust. (+10% HP) [potion of
                  | mutation]
  7110 | D:6      | Gained mutation: Your spells are a little harder to cast,
                  | but a little more powerful. [potion of mutation]
  7123 | D:6      | Noticed Duvessa
  7125 | D:6      | Identified a +2 robe of the Archmagi
  7125 | D:6      | Noticed Dowan
  7125 | D:6      | HP: 12/71 [cyclops/large rock (35)]
  7128 | D:6      | Hit by a large rock thrown by a cyclops

Vanquished Creatures
  Grinder (D:3)
  Sigmund (D:4)
  A yak (D:4)
  4 orc warriors
  A sky beast (D:4)
  4 ice beasts
  2 ogres (D:5)
  A bullfrog (D:5)
  A necrophage (D:3)
  2 scorpions (D:4)
  2 howler monkeys (D:4)
  2 orc priests (D:4)
  6 hounds
  3 iguanas
  8 gnolls
  7 adders
  A river rat (D:5)
  A shadow imp (D:4)
  2 white imps (D:6)
  2 ufetubi
  2 worms
  4 dart slugs
  7 orcs
  3 bats (D:3)
  9 endoplasms
  5 giant cockroaches
  10 hobgoblins
  8 jackals
  5 ball pythons
  11 goblins
  6 kobolds
  8 rats
130 creatures vanquished.

Table legend:
 A = Non-vault XP
 B = Vault XP
 C = Vault XP percentage of total XP
 D = Non-vault monster count
 E = Vault monster count
 F = Vault count percentage of total count
                 A         B        C        D         E       F
            +---------+---------+-------+---------+---------+-------
      Total |    2058 |    1362 |  39.8 |     110 |      20 |  15.4
            +---------+---------+-------+---------+---------+-------
        D:1 |      32 |       0 |   0.0 |      20 |       0 |   0.0
        D:2 |      44 |       3 |   6.4 |      16 |       1 |   5.9
        D:3 |     318 |     286 |  47.4 |      26 |       1 |   3.7
        D:4 |     424 |     799 |  65.3 |      20 |      15 |  42.9
        D:5 |     557 |      13 |   2.3 |      13 |       1 |   7.1
        D:6 |     683 |     261 |  27.6 |      15 |       2 |  11.8
            +---------+---------+-------+---------+---------+-------

Illustrated notes

Table legend:
 A = Kills in this place as a percentage of kills in entire the game.
 B = Kills by you in this place as a percentage of kills by you in the entire game.
 C = Kills by friends in this place as a percentage of kills by friends in the entire game.
 D = Other kills in this place as a percentage of other kills in the entire game.
 E = Experience gained in this place as a percentage of experience gained in the entire game.
 F = Experience gained in this place divided by the number of levels of this place that you have seen.
                   A       B       C       D       E      F
               +-------+-------+-------+-------+-------+----------------------
         Total | 100.0 | 100.0 |   N/A |   N/A | 100.0 | 570.0
       Dungeon | 100.0 | 100.0 |   N/A |   N/A | 100.0 | 570.0
               +-------+-------+-------+-------+-------+----------------------

Table legend: (Time is in decaauts)
 A = Elapsed time spent in this place.
 B = Non-inter-level travel time spent in this place.
 C = Inter-level travel time spent in this place.
 D = Time resting spent in this place.
 E = Time spent auto-exploring this place.
 F = Levels seen in this place.
 G = Mean time per level.
                   A        B        C        D        E       F      G
               +--------+--------+--------+--------+--------+-----+--------+
         Total |   7130 |   6885 |    245 |   1659 |   4391 |   6 | 1188.3 |
       Dungeon |   7130 |   6885 |    245 |   1659 |   4391 |   6 | 1188.3 |
               +--------+--------+--------+--------+--------+-----+--------+

Top non-repeatable levels by time:
     D:4: 1925 daAuts
     D:3: 1679 daAuts
     D:2: 1178 daAuts
     D:1: 1078 daAuts
     D:6: 1055 daAuts
     D:5: 212 daAuts
